 Dungeon Crawl Stone Soup version 0.29.1-1-gd02db6906a (webtiles) character file.

Game seed: 13035696904276509327

1316 FastidiousMonk the Fighter (level 8, -13/54 HPs)
             Began as a Gargoyle Monk on Oct 6, 2022.
             Was a Priest of Hepliaklqana.
             Blown up by Maggie (17 damage)
             ... with a mindburst bolt
             ... on level 7 of the Dungeon.
             The game lasted 00:58:34 (7404 turns).

FastidiousMonk the Fighter (Gargoyle Monk)          Turns: 7404, Time: 00:58:35

Health: -13/54     AC: 15    Str: 14    XL:     8   Next: 59%
Magic:  8/8        EV: 20    Int: 12    God:    Hepliaklqana [***...]
Gold:   279        SH:  5    Dex: 14    Spells: 7/7 levels left

rFire   . . .      SeeInvis .   u - +2 dagger (protect)
rCold   . . .      Faith    .   (no shield)
rNeg    + . .      Spirit   .   i - +0 leather armour
rPois   ∞          Reflect  +   (no helmet)
rElec   +          Harm     .   (no cloak)
rCorr   .          Rampage  .   (no gloves)
Will    .....                   (no boots)
Stlth   ++........              e - amulet of reflection
HPRegen 0.18/turn               z - +4 ring of evasion
MPRegen 0.11/turn               A - +4 ring of evasion

@: under a protective aura
A: reduced essence, sickness immunity, AC +5, negative energy resistance 1,
electricity resistance, torment resistance 1, petrification resistance
a: Renounce Religion, Recall Ancestor, Ancestor Identity, Transference


You were on level 7 of the Dungeon.
You worshipped Hepliaklqana.
Hepliaklqana was most pleased with you.
You visited 2 branches of the dungeon, and saw 8 of its levels.

You collected 374 gold pieces.
You spent 95 gold pieces at shops.

Inventory:

Hand Weapons
 u - a +2 dagger of protection (weapon)
 F - a +2 vampiric dagger
Missiles
 f - 65 stones (quivered)
 k - 4 javelins
 w - 3 silver javelins
 y - 2 poisoned darts
 D - 5 boomerangs
Armour
 i - a +0 leather armour (worn)
Jewellery
 e - an amulet of reflection (around neck)
 z - a +4 ring of evasion (left hand)
 A - a +4 ring of evasion (right hand)
Scrolls
 a - a scroll of brand weapon
 d - a scroll of fog {unknown}
 g - a scroll of fear {unknown}
 j - 3 scrolls of enchant armour
 n - a scroll of teleportation {unknown}
 o - 3 scrolls of immolation {unknown}
 p - a scroll of noise {unknown}
 t - 5 scrolls of magic mapping
 v - a scroll of acquirement {unknown}
 C - 2 scrolls of blinking {unknown}
 E - a scroll of silence {unknown}
 G - 7 scrolls of amnesia {unknown}
 H - a scroll of torment {unknown}
Potions
 c - 2 potions of ambrosia
 l - 2 potions of magic {unknown}
 m - 2 potions of flight {unknown}
 q - a potion of berserk rage {unknown}
 r - a potion of might {unknown}
 s - a potion of curing
 x - 3 potions of haste
 I - a potion of brilliance {unknown}


   Skills:
 * Level 11.5 Fighting
 - Level 3.1 Maces & Flails
 - Level 2.5 Dodging
 - Level 2.3 Stealth


You had 7 spell levels left.
You didn't know any spells.
Your spell library contained the following spells:

 Spells                   Type           Power      Damage    Failure   Level
 Fulminant Prism          Conj/Hex       0%         3d6       99%         4
 Iskenderun's Mystic Bla  Conj/Tloc      0%         2d3       99%         4
 Lee's Rapid Deconstruct  Erth           0%         3d5*      100%        5


Dungeon Overview and Level Annotations

Branches:
Dungeon (7/15)             Temple (1/1) D:4

Altars:
Ashenzari
Cheibriados
Dithmenos
Elyvilon
Fedhas
Gozag
Hepliaklqana
Kikubaaqudgha
Makhleb
Qazlal
Ru
Sif Muna
Trog
Wu Jian
Xom
Zin
The Shining One
Lugonu

Shops:
D:2 [[[?(   D:3 =   D:4 =

Portals:
Abyss: D:7

Annotations:
D:2 Shops(Fair), D:3 Transporter,Shop(Jewelry),Altars-UnknownGod,WuJianCouncil, D:4 EcumenicalTemple,Altars-Ru,Shop(Jewelry), D:5 RunedDoor,Altars-Qazlal,ShiningOne
D:7 OneWayGateToTheAbyss,Altars-Lugonu,, Maggie


Innate Abilities, Weirdness & Mutations

Your life essence is reduced to manifest your ancestor. (-10% HP)
You are immune to sickness and miasma.
Your stone body is resilient. (AC +5)
You are immune to poison.
You resist negative energy. (rN+)
You are resistant to electric shocks. (rElec)
You are resistant to unholy torment.
You are immune to petrification.


Message History

* * * LOW HITPOINT WARNING * * *
You cannot move away from Maggie!
You feel better.
Lilbabes points at Maggie and mumbles some strange words.
The puff of frost hits Maggie!
Maggie barely misses you.
You hit Maggie.
Maggie is heavily wounded.
You block Maggie's attack.
You closely miss Maggie.
Maggie is heavily wounded.
You block Maggie's attack.
You hit Maggie.
Maggie is heavily wounded.
You block Maggie's attack.
You cannot move away from Maggie!
You cannot move away from Maggie!
You hit Maggie.
Maggie is heavily wounded.
You block Maggie's attack.
You hit Maggie but do no damage.
Maggie is heavily wounded.
You block Maggie's attack.
You hit Maggie but do no damage.
Maggie is heavily wounded.
Maggie zaps a wand.
You struggle to resist.
You hit Maggie.
Maggie is heavily wounded.
You break out of your daze.
Maggie misses you.
You closely miss Maggie.
Maggie is heavily wounded.
Maggie hits you with a +2 scimitar of flaming!
* * * LOW HITPOINT WARNING * * *
Maggie burns you.
* * * LOW HITPOINT WARNING * * *
You closely miss Maggie.
Maggie is heavily wounded.
Lilbabes points at Maggie and mumbles some strange words.
The puff of frost hits Maggie.
Maggie zaps a wand.
Your mind is blasted!
You die...

.!. .# .... .##.#
.........# . #..
.#.# # ##.
#.##.... #.
#.###.#.#.## ..
#..#.#...R.#
#.##.#.#..#?@####
#.......#._##@..#
####..##.§#..#(#.#
##.###∩.#..#((
##.##§§..###.#
#..##.#.##.##
#.........#
#.......#.#
#######.#.#


You could see the friendly lilbabes the battlemage and Maggie (distracted, ally
target).

Vanquished Creatures
  An ice beast (D:4)
  A bullfrog (D:7)
  4 scorpions
  2 hounds (D:5)
  2 orc priests
  4 adders
  4 dart slugs
  10 orcs
  6 ball pythons
  10 endoplasms
  4 giant cockroaches
  7 hobgoblins
  2 jackals (D:2)
  5 kobolds
  7 quokkas
  3 bats
  3 frilled lizards
  8 goblins
  6 rats
  A lurking horror (D:7)
90 creatures vanquished.

Vanquished Creatures (collateral kills)
  The ghost of SprigganGuy the Cleaver, a novice MiFi of Ignis (D:5)
  A sky beast (D:6)
  An ogre (D:5)
  A scorpion (D:5)
  A bullfrog zombie (D:5)
  A centaur zombie (D:5)
  2 orc wizards (D:6)
  An iguana (D:6)
  6 orcs
15 creatures vanquished.

Vanquished Creatures (others)
  9 plants
9 creatures vanquished.

Grand Total: 114 creatures vanquished

Notes
Turn   | Place    | Note
-------+----------+-------------------------------------------
     0 | D:1      | FastidiousMonk the Gargoyle Monk began the quest for the
                  | Orb.
     0 | D:1      | Reached XP level 1. HP: 14/14 MP: 1/1
   232 | D:1      | Reached XP level 2. HP: 19/19 MP: 2/2
   508 | D:1      | Reached skill level 4 in Fighting
   899 | D:1      | Reached XP level 3. HP: 24/24 MP: 3/3
  1230 | D:2      | Found Cuuxero's Armour Boutique.
  1303 | D:2      | Found Boychoto's Armour Boutique.
  1649 | D:2      | Found Seloib's Antique Armour Shoppe.
  1670 | D:2      | Reached skill level 5 in Fighting
  1677 | D:2      | Reached XP level 4. HP: 18/31 MP: 4/4
  2061 | D:2      | Found Ydanwyr's Weapon Emporium.
  2209 | D:2      | Found Ofreegui's Magic Scroll Shop.
  2212 | D:2      | Bought a scroll of brand weapon for 95 gold pieces
  2384 | D:3      | Found an ornate altar of the Wu Jian Council.
  2780 | D:3      | Found a transporter.
  2781 | D:3      | Found a transporter.
  2806 | D:3      | Identified the +0 ring mail "Calek" {Rampage Will+ Int-3}
  2806 | D:3      | Identified the +0 buckler "Weiqua" {Will+}
  2806 | D:3      | Noticed a gnoll sergeant
  2807 | D:3      | Reached skill level 6 in Fighting
  2807 | D:3      | Reached XP level 5. HP: 8/36 MP: 5/5
  3118 | D:3      | Found Elafa's Jewellery Shoppe.
  3151 | D:3      | Found a faded altar of an unknown god.
  3735 | D:4      | Reached skill level 7 in Fighting
  3735 | D:4      | Reached XP level 6. HP: 44/44 MP: 6/6
  3742 | D:4      | Noticed an ice beast
  3785 | D:4      | Killed an ice beast
  4050 | D:4      | Found a staircase to the Ecumenical Temple.
  4067 | D:4      | Reached skill level 8 in Fighting
  4425 | D:4      | Found a sacrificial altar of Ru.
  4555 | D:4      | Found Anyemp's Jewellery Boutique.
  4723 | Temple   | Entered the Ecumenical Temple
  5126 | Temple   | Became a worshipper of Hepliaklqana the Forgotten
  5126 | Temple   | Reached * piety under Hepliaklqana
  5126 | Temple   | Reached ** piety under Hepliaklqana
  5127 | Temple   | Remembered your ancestor lilbabes as a battlemage
  5181 | D:5      | Entered Level 5 of the Dungeon
  5340 | D:5      | Reached XP level 7. HP: 44/44 MP: 7/7
  5390 | D:5      | Found a stormy altar of Qazlal.
  5392 | D:5      | Noticed a water elemental
  5392 | D:5      | Noticed a fire elemental
  5392 | D:5      | Noticed an air elemental
  5548 | D:5      | Found a runed translucent gate.
  5548 | D:5      | Found a runed translucent gate.
  5549 | D:5      | Found a runed translucent gate.
  5551 | D:5      | Noticed SprigganGuy's ghost (novice MiFi)
  5866 | D:5      | Reached skill level 9 in Fighting
  5982 | D:5      | Found a glowing golden altar of the Shining One.
  6245 | D:5      | Killed SprigganGuy's ghost
  6246 | D:5      | Reached skill level 10 in Fighting
  6246 | D:5      | Reached XP level 8. HP: 37/53 MP: 8/8
  6470 | D:6      | Reached skill level 11 in Fighting
  6749 | D:6      | Reached *** piety under Hepliaklqana
  7287 | D:7      | Found a one-way gate to the infinite horrors of the Abyss.
  7363 | D:7      | Found a corrupted altar of Lugonu.
  7369 | D:7      | Noticed Maggie
  7404 | D:7      | Blown up by Maggie

Illustrated notes

Levels and vault maps discovered:
D:1:      wheals_arrival_shading, layout_loops_ring, chequers_arboretum
D:2:      layout_loops_cross, serial_shops, nicolae_shop_overgrown_old_shop,
          nicolae_shop_behind_doors, nicolae_shop_bloodbath_and_beyond,
          nicolae_shop_advertising_works [nicolae_subvault_shop_adworks], shop,
          minmay_pentomino_z4
D:3:      layout_rooms, lemuel_tele_altar, hellmonk_ecumenical_altar_zigzags,
          serial_shops, shop, gammafunk_ghost_gnarly_gnolls
D:4:      layout_loops_cross, lemuel_coloured_pillars_altar,
          minmay_temple_entry_steel_oval, serial_shops,
          nicolae_shop_behind_doors, palyth_stone_intersect,
          nicolae_kite_square_tiling_tiny
D:5:      layout_gridville, overflow_temple_1_default,
          nicolae_qazlal_style_of_elements, gammafunk_ghost_necromancy
D:6:      layout_gridville
D:7:      layout_basic, nicolae_uskayaw_dance_hall, mainiacjoe_overflow_swirl,
          amcnicky_altar_lugonu_corruption, uniq_maggie
Temple:   oiseaux_autumnal_temple

Skill      XL: |  1  2  3  4  5  6  7  8 |
---------------+-------------------------+-----
Fighting       | 4 5 6 7 8 10 11 | 11.5
Maces & Flails | |  3.1
Dodging        | |  2.5
Stealth        | |  2.3

Action                   |  1- 3 |  4- 6 |  7- 9 || total
-------------------------+-------+-------+-------++-------
Melee: Mace              |   111 |    20 |       ||   131
       Punch             |     2 |       |     1 ||     3
       Dagger            |       |   167 |    72 ||   239
       Hand axe          |       |     6 |       ||     6
Throw: Dart              |       |    24 |    26 ||    50
       Stone             |       |     5 |     4 ||     9
       Boomerang         |       |       |     1 ||     1
Invok: Ancestor Life: Ba |       |     1 |       ||     1
       Ancestor Identity |       |     1 |       ||     1
       Recall Ancestor   |       |       |     1 ||     1
  Use: Scroll            |     1 |     3 |       ||     4
       Potion            |       |       |     1 ||     1
 Stab: Sleeping          |    10 |     6 |       ||    16
Armor: Robe              |     5 |       |       ||     5
       Leather armour    |    37 |    72 |     7 ||   116
Dodge: Dodged            |    83 |   133 |    51 ||   267
Block: Other             |       |       |    15 ||    15
